AoeStats
← KaLong

Nomad

508160055Analyzed
4v4 RM · 12d ago on Sep 21, 2026· 37m 7s· 8 players
Game mode
Random Map
Map size
231×231
Population
200
Speed
Normal
Resources
Standard
Victory
Conquest
Starting age
Dark Age
Ending age
Imperial Age
RankedLock teamsTeams togetherTeam positionsShared explorationLock speedFull tech treeHidden civsTurbo modeCheats
Victory
Defeat
🇺🇸 Turks · United States
1903
+8
🇺🇸 Maya · United States
1743
+14
🇺🇸 Armenians · United States
1520
+23
🇺🇸 Malay · United States
1472
+26
🇺🇸 Poles · United States
1808
-22
🇺🇸 Slavs · United States
1684
-17
🇹🇼 Tupi · Taiwan
1683
-17
🇨🇳 Jurchens · China
1621
-15
JunkDogJoe
5:00 Loom
13:40 Feudal Age
18:12 Castle Age
16:50 Double-Bit Axe
19:25 Horse Collar
22:12 Town Watch
28:04 Scale Barding Armor
29:44 Gold Mining
30:08 Bow Saw
30:00 Heavy Plow
投掷哥布林
5:53 Loom
13:08 Feudal Age
14:08 Town Watch
17:03 Castle Age
15:32 Double-Bit Axe
15:32 Horse Collar
18:34 Bow Saw
23:22 Wheelbarrow
23:51 Husbandry
25:13 Scale Barding Armor
26:39 Heavy Plow
29:20 Forging
32:40 Imperial Age
30:32 Husbandry
30:42 Bloodlines
31:18 Chain Barding Armor
32:11 Gold Mining
33:39 Iron Casting
33:36 Elite Steppe Lancer
34:53 Plate Barding Armor
36:15 Blast Furnace
36:28 Hand Cart
蔡正平
4:20 Loom
18:06 Feudal Age
18:54 Town Watch
24:22 Castle Age
22:12 Double-Bit Axe
22:10 Fishing Lines
22:33 Fletching
24:02 Stone Mining
27:27 Bow Saw
29:57 Gold Mining
Gothrough Mothrough
7:00 Loom
15:12 Feudal Age
18:48 Castle Age
16:55 Gold Mining
16:51 Double-Bit Axe
17:53 Horse Collar
19:43 Medium Warships
20:13 Bow Saw
22:07 Heavy Plow
24:04 Stone Mining
25:19 Fishing Lines
25:57 Scale Barding Armor
26:34 Bloodlines
26:43 Forging
29:48 Wheelbarrow
32:42 Hand Cart
35:03 Imperial Age
33:07 Szlachta Privileges
Bubbagump
13:24 Feudal Age
12:03 Loom
14:03 Double-Bit Axe
14:39 Double-Bit Axe
14:55 Fishing Lines
17:17 Castle Age
15:56 Gold Mining
16:13 Fletching
17:58 Gillnets
18:20 Bow Saw
18:22 Town Watch
20:13 Wheelbarrow
21:30 Horse Collar
22:20 Heavy Plow
23:28 Hand Cart
28:54 Imperial Age
26:41 Bodkin Arrow
27:43 Padded Archer Armor
28:49 Leather Archer Armor
30:00 Gold Shaft Mining
29:34 Thumb Ring
30:35 Conscription
30:17 Bracer
31:14 Bloodlines
31:59 Parthian Tactics
31:56 Ballistics
32:45 Husbandry
33:16 Ring Archer Armor
33:09 Heavy Cavalry Archer
35:20 Two-Man Saw
35:08 Sipahi
35:35 Artillery
36:09 Scale Barding Armor
BomBomB0
4:47 Loom
6:24 Loom
16:24 Feudal Age
20:13 Castle Age
18:10 Double-Bit Axe
18:19 Horse Collar
19:21 Fishing Lines
21:16 Bow Saw
21:14 Fletching
22:20 Bodkin Arrow
24:15 Fishing Lines
24:46 Medium Warships
27:45 Forging
29:13 Iron Casting
30:53 Gillnets
33:12 Wheelbarrow
32:22 Town Watch
34:20 Hand Cart
33:56 Gold Mining
33:57 Stone Mining
35:13 Heavy Plow
35:31 Padded Archer Armor
37:32 Leather Archer Armor
嗚
3:02 Loom
6:42 Loom
13:49 Feudal Age
15:09 Fishing Lines
17:50 Castle Age
15:47 Double-Bit Axe
16:05 Gold Mining
18:44 Bow Saw
17:59 Crossbowman
18:33 Fletching
19:00 Medium Warships
20:05 Bodkin Arrow
20:52 Padded Archer Armor
22:20 Wheelbarrow
22:08 Ballistics
28:04 Gillnets
29:06 Stone Mining
30:21 Hand Cart
36:49 Stone Shaft Mining
36:43 Thumb Ring
39:31 Imperial Age
KaLong
6:09 Loom
13:54 Feudal Age
14:21 Double-Bit Axe
18:48 Castle Age
18:46 Medium Warships
20:12 Fishing Lines
22:33 Gillnets
23:36 Demolition Ship
29:51 Imperial Age
28:15 Scale Barding Armor
28:20 Forging
Connection lost

Rejoining the realm…

Still unreachable

The connection could not be restored.

Session expired

The server has moved on; the page needs a fresh start.